 Dungeon Crawl Stone Soup version 0.28-a0-1389-gc726bef33b (webtiles) character file.

Game seed: 5917696430886982640

52 bande the Covered (level 3, 0/23 HPs)
             Began as a Gargoyle Fighter on Jan 3, 2022.
             Slain by a gnoll (1 damage)
             ... on level 3 of the Dungeon.
             The game lasted 00:01:41 (1910 turns).

bande the Covered (Gargoyle Fighter)                Turns: 1910, Time: 00:01:42

Health: 0/23       AC: 10    Str: 19    XL:     3   Next: 85%
Magic:  3/3        EV:  9    Int:  8    God:
Gold:   82         SH:  4    Dex: 11    Spells: 2/2 levels left

rFire   . . .      SeeInvis .   a - +0 war axe
rCold   . . .      Faith    .   c - +0 buckler
rNeg    + . .      Spirit   .   b - +0 scale mail
rPois   ∞          Reflect  .   (no helmet)
rElec   +          Harm     .   (no cloak)
rCorr   .          Rampage  .   (no gloves)
Will    .....                   (no boots)
Stlth   ..........              (no amulet)
HPRegen 0.07/turn               (no ring)
MPRegen 0.08/turn               (no ring)

@: mighty
A: sickness immunity, AC +3, negative energy resistance 1, electricity
resistance, torment resistance 1, petrification resistance
a: no special abilities


You were on level 3 of the Dungeon.
You visited 1 branch of the dungeon, and saw 3 of its levels.

You collected 82 gold pieces.

Inventory:

Hand Weapons
 a - a +0 war axe (weapon)
Armour
 b - a +0 scale mail (worn)
 c - a +0 buckler (worn)
Jewellery
 f - an amulet of guardian spirit
Potions
 d - a potion of might
 e - 2 potions of magic
 g - a potion of curing {unknown}
 j - a potion of heal wounds {unknown}
 k - 2 potions of brilliance {unknown}


   Skills:
 + Level 3.5 Fighting
 + Level 2.8 Axes
 + Level 3.7 Armour
 + Level 3.6 Shields


You had 2 spell levels left.
You didn't know any spells.
Your spell library was empty.

Dungeon Overview and Level Annotations

Branches:
Dungeon (3/15)

Altars:


Innate Abilities, Weirdness & Mutations

You are immune to sickness and miasma.
Your stone body is resilient. (AC +3)
You are immune to poison.
You resist negative energy. (rN+)
You are resistant to electric shocks. (rElec)
You are resistant to unholy torment.
You are immune to petrification.


Message History

You hit the endoplasm.
The endoplasm hits you but does no damage.
You hit the endoplasm.
You kill the endoplasm!
No target in view!
No target in view!
No target in view!
No target in view!
No target in view!
No target in view!
Found a sedimented puce potion.
A gnoll comes into view. It is wielding a +0 halberd.
The gnoll shouts!
A gnoll comes into view. It is wielding a +0 flail.
A gnoll comes into view. It is wielding a +0 spear.
The gnoll shouts!
The gnoll throws a throwing net.
The throwing net barely misses you. The gnoll closely misses you.
You block the gnoll's attack. The gnoll barely misses you.
You see here a +0 pair of gloves.
Unknown command.
You slash the gnoll!
The gnoll is severely wounded.
You hit the gnoll but do no damage. You hit the gnoll.
You block the gnoll's attack. x2; The gnoll hits you with a +0 flail.
You block the gnoll's attack. The gnoll hits you with a +0 spear.
The gnoll hits you with a +0 flail.
Unknown command.
You feel very mighty all of a sudden. The gnoll hits you with a +0 halberd.
* * * LOW HITPOINT WARNING * * *
The gnoll hits you but does no damage. The gnoll closely misses you.
You slash the gnoll!
You kill the gnoll!
You hit the gnoll. You closely miss the gnoll. You block the gnoll's attack.
The gnoll hits you with a +0 flail.
* * * LOW HITPOINT WARNING * * *
Unknown command.
The gnoll hits you with a +0 halberd.
You die...

#.....# #.....+ .
#.....######..... .
#................ .
#.........##...# .
#.........##...# .
#......(..##...# #.
#[@..........^.# #.
#gg........#.#.###.
......................
#...#.#....#.#.#.#.##..
#...#.#......#.#...##..
#.# #.###.##.#.##..##..
... #.#..!.....##...<#.
## #.#.#.#######..###.
#. #.## ##


You could see 2 gnolls.

Vanquished Creatures
  A gnoll (D:3)
  An adder (D:2)
  A ball python (D:1)
  4 endoplasms
  5 hobgoblins
  2 quokkas
  8 bats
  2 goblins (D:1)
  3 kobolds
  4 rats
31 creatures vanquished.

Notes
Turn   | Place    | Note
-------+----------+-------------------------------------------
     0 | D:1      | bande the Gargoyle Fighter began the quest for the Orb.
     0 | D:1      | Reached XP level 1. HP: 14/14 MP: 1/1
     6 | D:1      | Noticed a polar bear
     7 | D:1      | Noticed a swamp worm
     7 | D:1      | Noticed an iguana
   344 | D:1      | Reached XP level 2. HP: 19/19 MP: 2/2
   697 | D:1      | Found a faded altar of an unknown god.
  1349 | D:2      | Reached XP level 3. HP: 23/23 MP: 3/3
  1909 | D:3      | HP: 1/23 [gnoll (4)]
  1910 | D:3      | Slain by a gnoll

Illustrated notes

Levels and vault maps discovered:
D:1:      onia_arrival_zoo_common, layout_basic,
          shapermc_ecumenical_altar_mp_highgroup, minmay_misc_feat_chi
D:2:      layout_loops_ring, minmay_statues_item, kennysheep_generic_room_9
D:3:      minmay_skewed_foursquare, layout_basic, serial_shops,
          nicolae_shop_waterfront

Skill      XL: |  1  2 |
---------------+-------+-----
Axes           | 2 |  2.8
Fighting       | |  3.5
Armour         | |  3.7
Shields        | |  3.6

Action                   || total
-------------------------++-------
Melee: War axe           ||    92
  Use: Scroll            ||     4
       Potion            ||     1
Armor: Scale mail        ||    43
Dodge: Dodged            ||    52
Block: Buckler           ||    25

Table legend: (Time is in decaauts)
 A = Elapsed time spent in this place.
 B = Non-inter-level travel time spent in this place.
 C = Inter-level travel time spent in this place.
 D = Time resting spent in this place.
 E = Time spent auto-exploring this place.
 F = Levels seen in this place.
 G = Mean time per level.
                   A        B        C        D        E       F      G
               +--------+--------+--------+--------+--------+-----+--------+
         Total |   1946 |   1873 |     73 |      0 |   1591 |   3 |  648.7 |
       Dungeon |   1946 |   1873 |     73 |      0 |   1591 |   3 |  648.7 |
               +--------+--------+--------+--------+--------+-----+--------+

Top non-repeatable levels by time:
     D:1: 1230 daAuts
     D:2: 679 daAuts
     D:3: 36 daAuts
